Eri, chaotic male orcish Ranger ------- ------------ ------- |.....| #...........| |.....| |.....| ###|..<.......| |.....| #-.^...|##################.^.........| |.....| ###----|--# ### -.---------- |...(.| ###### #G@## --------# ############ |.....| ### # |.......# # ----|-- # # ## |......| ### # --.--# --|--- #.%...`.| # ### ####-`..-# |.....#####|*.....| -------------.-- # |...| |....| -|------ |..............| ## #######-...| |....| # |..............| -.--- # |...| |....| |..............| |...| # |...| |....| |..............| |....#########....| |....| --------------.- |...| ----- ------ # ----- Eri the Lookout Experience level: 3 Strength: 14 Dexterity: 12 Constitution: 14 Intelligence: 14 Wisdom: 14 Charisma: 8 Health: 0(26) Energy: 5(5) Def: 3 Gold: 358 Moves: 1384 Dungeon seed: 2pKblrcVYxRbrfBp Game ID: Eri_1627604558 Your Inventory: Coins $ - 358 gold pieces Weapons a - an uncursed rusty +1 orcish dagger b - an uncursed +2 orcish bow (alternate weapon; not wielded) c - 54 uncursed +2 orcish arrows (in quiver) d - 37 uncursed +0 orcish arrows j - an uncursed +0 sling p - a blessed +0 elven dagger (weapon in hand) t - a blessed +2 silver saber Armor e - an uncursed +2 cloak of displacement (being worn) Comestibles f - 4 uncursed cram rations h - 3 uncursed food rations o - an uncursed egg u - an uncursed pancake Scrolls i - an uncursed scroll of teleportation q - an uncursed scroll of scare monster s - an uncursed scroll of blank paper Potions m - a cursed potion of paralysis Wands g - an uncursed wand of slow monster (0:3) Tools k - an uncursed tin opener l - an uncursed tin whistle Spells and supernatural/magical abilities: Name Level Category Fail Memory W - pray for help -- divine ? -- Your skills at the end: Miscellaneous Skills wands [Basic] Weapon Skills dagger [Basic] scimitar [Basic] bow [Basic] Spellcasting Skills Final Attributes: You were piously aligned. You were poison resistant. Your writing hand was cramped from overuse. You had automatic searching. You had infravision. You were displaced. You were very stealthy. You are dead. Vanquished creatures: a dwarf zombie 2 hobbits 2 cave spiders 2 manes 2 jackals 3 newts 4 sewer rats 5 grid bugs 4 lichens a kobold zombie 26 creatures vanquished. Voluntary challenges: You followed a strict vegan diet. You did not adorn yourself with jewelry or accessories. You did not cause conflict. You were not invisible. You did not have reflection. You used a wielded weapon 43 times, starting on turn 112. You did not use tools. You did not use plumbed fixtures. You did not drink any magical draughts. You read items or engraved 3 times, starting on turn 1251. You never genocided any monsters. You never polymorphed an object. You never changed form. You used no wishes. You never split a pudding. You wrote Elbereth's name 3 times, starting on turn 1251. You never violated your personal moral code. Dungeon overview: The Dungeons of Doom: levels 1 to 5 Level 1 a long staircase Level 2 Level 3 Level 4 an altar to Venus Level 5 <- You were here History has recorded: On T:1 you entered the Dungeons of Doom to retrieve the Amulet of Yendor! On T:185 you reached level 2 of The Dungeons of Doom. On T:409 you reached level 3 of The Dungeons of Doom. On T:450 you reached level 4 of The Dungeons of Doom. On T:497 you advanced to experience level 2. On T:854 you reached level 5 of The Dungeons of Doom. On T:879 you advanced to experience level 3. On T:1312 you prayed to Mars. Score breakdown: Gold: 358 ( 35 points) Experience: 3 levels ( 200 points) Exploration: 5 levels ( 120 points) Discoveries: 7 items ( 350 points) Variety of kills: 10 monsters ( 500 points) Major goal: (nothing yet) ( 0 points) Survival: died (score multiplied by 3) Total score: 3615 Latest messages: The gnome lord turns to flee! The gnome lord strikes at your displaced image and misses you! The gnome lord turns to flee! (3x) The gnome lord suddenly falls asleep! Something is written here in the dust. You read: "E ?c n". You write in the dust with your fingers. Never mind. You begin praying to Mars. You are surrounded by a shimmering light. You feel that Mars is well-pleased. Your runed dagger softly glows with a light blue aura. You stop exploring. (2x) The gnome lord thrusts his dagger at you. The gnome lord stabs you! You stab the gnome lord. (2x) The gnome lord thrusts his dagger at you. The gnome lord stabs you! You die... Final status: Goodbye Eri the Ranger, killed by a gnome lord... You died in The Dungeons of Doom on dungeon level 5 with 3615 points, and 358 pieces of gold, after 1384 moves. You were level 3 with a maximum of 26 hit points when you died.